 Dungeon Crawl Stone Soup version 0.27.0-1-g7a089689b8 (webtiles) character file.

Game seed: 11812110737889267328

11 dduke234 the Insei (level 2, -1/23 HPs)
             Began as a Vampire Monk on Aug 11, 2021.
             Frozen to death by an endoplasm (3 damage)
             ... on level 1 of the Dungeon.
             The game lasted 00:00:46 (287 turns).

dduke234 the Insei (Vampire Monk)                    Turns: 287, Time: 00:00:46

Health: -1/23      AC:  2    Str: 10    XL:     2   Next: 13%
Magic:  2/2        EV: 13    Int: 12    God:
Gold:   23         SH:  0    Dex: 16    Spells: 1/1 levels left

rFire    . . .     SeeInvis +     - Unarmed
rCold    . . .     Faith    .   (no shield)
rNeg     . . .     Spirit   .   a - +0 robe
rPois    .         Reflect  .   (no helmet)
rElec    .         Harm     .   (no cloak)
rCorr    .         Rampage  .   (no gloves)
Will     .....                  (no boots)
Stlth    ++........             (no amulet)
HPRegen  0.27/turn              (no ring)
MPRegen  0.08/turn              (no ring)

@: healing quickly
A: alive, fangs 3, see invisible, vampiric 1
a: Exsanguinate


You were on level 1 of the Dungeon.
You visited 1 branch of the dungeon, and saw 1 of its levels.

You collected 23 gold pieces.

Inventory:

Armour
 a - a +0 robe (worn)
Scrolls
 b - a scroll of identify {unknown}


   Skills:
 - Level 2.6 Fighting
 * Level 3.6 Dodging
 * Level 3.2 Stealth
 * Level 3.6 Unarmed Combat


You had one spell level left.
You didn't know any spells.
Your spell library was empty.

Dungeon Overview and Level Annotations

Branches:
Dungeon (1/15)

Altars:


Innate Abilities, Weirdness & Mutations

Your natural rate of healing is accelerated.
You have razor-sharp teeth.
You have supernaturally acute eyesight. (SInv)
You are afflicted with vampirism.


Message History

You are frozen.
You closely miss the giant cockroach.
The giant cockroach is severely wounded.
The giant cockroach bites you but does no damage.
The frilled lizard bites you. The endoplasm freezes you.
You are frozen.
You closely miss the giant cockroach.
The giant cockroach is severely wounded.
The giant cockroach waves its antennae.
The giant cockroach closely misses you. The frilled lizard barely misses you.
The endoplasm hits you. The giant cockroach closely misses you.
You hit the giant cockroach.
The giant cockroach is almost dead.
The frilled lizard closely misses you. The endoplasm misses you.
The giant cockroach barely misses you.
You hit the giant cockroach.
You kill the giant cockroach!
The frilled lizard barely misses you. The endoplasm freezes you.
You are frozen.
You hit the endoplasm but do no damage. The frilled lizard bites you.
You are too injured to fight recklessly!
You hit the frilled lizard.
The frilled lizard is heavily wounded.
The endoplasm freezes you.
You are frozen.
The frilled lizard bites you.
You hit the frilled lizard.
You kill the frilled lizard!
The endoplasm freezes you.
You are frozen.
* * * LOW HITPOINT WARNING * * *
The endoplasm hits you but does no damage.
The endoplasm hits you.
* * * LOW HITPOINT WARNING * * *
The endoplasm hits you but does no damage.
You barely miss the endoplasm. The endoplasm freezes you.
You are frozen.
You die...

### .## ##...
..########### ##...#
............####.....
#.......##...#...###
#.......####........
..###.......######......
.......@......####......
..##..$J.†......#..†.##.
.$..........##..........
.###........#####....#.#
...........# ##......#
###.....#### #.....###
#.......#####.....#
#...#.............#
##..#..#..........###


You could see an endoplasm.

Vanquished Creatures
  A ball python (D:1)
  2 endoplasms (D:1)
  3 giant cockroaches (D:1)
  A hobgoblin (D:1)
  A frilled lizard (D:1)
  A rat (D:1)
9 creatures vanquished.

Notes
Turn   | Place    | Note
-------+----------+-------------------------------------------
     0 | D:1      | dduke234 the Vampire Monk began the quest for the Orb.
     0 | D:1      | Reached XP level 1. HP: 17/17 MP: 1/1
   263 | D:1      | Reached XP level 2. HP: 22/23 MP: 2/2
   287 | D:1      | Frozen to death by an endoplasm

Illustrated notes

Levels and vault maps discovered:
D:1:      nagdon_arrival_double_spiral, layout_rooms, serial_rivers,
          chequers_serial_rivers_micro_d, chequers_serial_rivers_small_3,
          chequers_serial_rivers_micro_d, chequers_serial_rivers_large_b,
          chequers_serial_rivers_micro_b, minmay_cut_off

Action                   || total
-------------------------++-------
Melee: Unarmed           ||    34
       Bite              ||     2
Armor: Robe              ||     8
Dodge: Dodged            ||    25
